 Seeded DCSS version 0.30.0-5-g1a98f26d00 (webtiles) character file.

Game seed: 3 (custom seed)

8627 Kazon the Basher (level 11, -3/92 HPs)
             Began as a Hill Orc Monk on May 11, 2023.
             Was an Elder of Beogh.
             Slain by a killer bee (8 damage)
             ... on level 9 of the Dungeon.
             The game lasted 00:48:09 (7622 turns).

Kazon the Basher (Hill Orc Monk)                    Turns: 7622, Time: 00:48:09

Health: -3/92      AC:  7    Str: 20 (22) XL:     11   Next: 33%
Magic:  16/16      EV: 18    Int:  8 (10) God:    Beogh [****..]
Gold:   614        SH:  0    Dex: 12 (13) Spells: 10/10 levels left

rFire   + . .        v - +2 flail (drain)
rCold   . . .        d - orb {light}
rNeg    . . .        u - +1 leather armour {rPois}
rPois   +            R - +0 helmet
rElec   .            (no cloak)
rCorr   .            x - +1 pair of gloves {Str+3}
SInv    .            (no boots)
Will    .....        E - amulet of regeneration
Stlth   +            z - ring of protection from fire
HPRegen 1.15/turn    C - +5 ring of evasion
MPRegen 0.15/turn

%: no passive effects
@: lethally poisoned (-3 -> -4), glowing, studying 2 skills
A: no striking features
a: Renounce Religion, Smiting, Recall Orcish Followers


You were on level 9 of the Dungeon.
You worshipped Beogh.
Beogh was greatly pleased with you.
You visited 1 branch of the dungeon, and saw 9 of its levels.
You also visited: Bailey.

You collected 749 gold pieces.
You spent 135 gold pieces at shops.

Inventory:

Hand Weapons
 f - a +0 war axe
 v - a +2 flail of draining (weapon)
 y - a +2 broad axe of draining
 D - a +1 war axe of holy wrath
Missiles
 e - 18 stones
 s - 18 poisoned darts (quivered)
 N - 3 boomerangs of dispersal
 O - 2 atropa-tipped darts
 P - 30 javelins
Armour
 a - a +3 chain mail of fire resistance
 d - an orb of light (worn)
 n - a +0 kite shield
 u - a +1 leather armour of poison resistance (worn)
 x - a +1 pair of gloves of strength (worn)
 K - a +1 scale mail of willpower
 L - +0 acid dragon scales
 Q - a +0 plate armour
 R - a +0 helmet (worn)
Jewellery
 z - a ring of protection from fire (left hand)
 C - a +5 ring of evasion (right hand)
 E - an amulet of regeneration (around neck)
Wands
 b - a wand of flame (68)
 l - a wand of mindburst (6)
 I - a wand of roots (3)
 J - a wand of digging (9)
Scrolls
 g - 2 scrolls of fear
 h - 3 scrolls of vulnerability {unknown}
 i - 2 scrolls of identify
 j - 4 scrolls of teleportation
 k - a scroll of blinking {unknown}
 p - 2 scrolls of fog {unknown}
 t - a scroll of enchant armour {unknown}
 w - 4 scrolls of enchant weapon
 B - a scroll of immolation {unknown}
 G - a scroll of magic mapping
 M - a scroll of noise
Potions
 c - 2 potions of ambrosia
 m - 3 potions of heal wounds
 o - 5 potions of curing {unknown}
 q - a potion of magic {unknown}
 r - 5 potions of brilliance {unknown}
 A - 2 potions of attraction {unknown}
 F - a potion of resistance {unknown}
 H - 4 potions of lignification {unknown}


   Skills:
 * Level 7.6 Fighting
 + Level 6.4(11.0) Axes
 + Level 11.7(12.1) Maces & Flails
 + Level 6.2 Throwing
 + Level 4.0 Armour
 + Level 4.4 Dodging
 + Level 1.2 Stealth
 * Level 5.1 Shields
 * Level 7.4 Invocations
 * Level 6.7 Evocations


You had 10 spell levels left.
You didn't know any spells.
Your spell library contained the following spells:

 Spells                   Type           Power      Damage    Failure   Level
 Beastly Appendage        Tmut           0%         N/A       45%         1
 Wereblood                Tmut           0%         N/A       58%         2
 Gell's Gravitas          Tloc           0%         N/A       83%         3
 Spider Form              Tmut/Pois      0%         N/A       83%         3
 Teleport Other           Tloc           0%         N/A       83%         3
 Anguish                  Hex/Necr       0%         N/A       99%         4
 Cause Fear               Hex            0%         N/A       99%         4
 Dispersal                Tloc           0%         N/A       100%        6
 Enfeeble                 Hex            0%         N/A       100%        7


Dungeon Overview and Level Annotations

Branches:
Dungeon (9/15)             Temple (0/1) D:6          Bailey (visited)
   Lair: D:8-11         Orc: D:9-12

Altars:
Dithmenos
Gozag
Nemelex Xobeh
Qazlal
Uskayaw
Xom
Yredelemnul

Shops:
D:3 [

Annotations:
D:4 1 runed translucent door, Crazy Yiuf
D:9 exclusion: orange crystal statue


Message History

You feel sick. The killer bee misses you. The killer bee barely misses you.
The killer bee closely misses you.
Borgk invokes the aid of Beogh against the killer bee.
The killer bee is smitten.
The killer bee dies!
Beogh accepts your kill. The killer bee stings you!
* * * LOW HITPOINT WARNING * * *
You sock the killer bee! You drain the killer bee.
The killer bee is severely wounded.
You feel sick. The killer bee completely misses you.
The killer bee stings you but does no damage.
The killer bee stings you.
* * * LOW HITPOINT WARNING * * *
Borgk mumbles some strange prayers to Beogh against the killer bee.
The killer bee is smitten.
The killer bee dies!
Beogh accepts your kill.
Borgk looks more experienced.
You swap places.
You feel sick.
The killer bee barely misses your orc warrior.
The killer bee stings your orc warrior.
Your orc warrior is poisoned.
The killer bee poisons your orc warrior!
Your orc warrior misses the killer bee.
The killer bee stings your orc warrior.
You feel sick. The killer bee stings your orc warrior.
The killer bee stings your orc warrior!
Your orc warrior looks as sick as possible!
The killer bee poisons your orc warrior!
Your orc warrior hits the killer bee with a +0 morningstar!!
The killer bee stings your orc warrior!
You swap places.
You feel sick. The killer bee closely misses you. x2
The killer bee stings you!
* * * LOW HITPOINT WARNING * * *
The killer bee stings you!
* * * LOW HITPOINT WARNING * * *
You thump the killer bee!
The killer bee is severely wounded.
The killer bee barely misses you. x2; The killer bee stings you!
You die...

### #oo...#
#P..P..
#oo...#
#P..P..
#####.....##.
#P..P..
#............
#P.....
#####.....###
#P..P..
#........#
)...y
#.########
#'y######o#


#.y@oooooo# ########### You could see 3 killer bees, 4 friendly orc warriors,
the friendly Argrim the orc priest, the friendly Borgk the orc priest and a
friendly orc.

Vanquished Creatures
  A two-headed ogre (D:5)
  Pikel (D:7)
  Maggie (D:7)
  A queen bee (D:9)
  2 hornets (D:9)
  A wyvern (D:8)
  10 yaks
  A steam dragon (D:6)
  Edmund (D:6)
  Duvessa (D:7)
  3 water moccasins
  2 orc warriors
  An ice beast (D:7)
  3 black bears
  4 ogres
  5 centaurs
  A phantom (D:5)
  A kobold brigand (D:4)
  2 bullfrogs (D:7)
  A gnoll sergeant (D:7)
  A scorpion (D:4)
  Dowan (D:7)
  4 killer bees (D:9)
  3 howler monkeys
  2 jellies
  5 orc priests
  5 hounds
  5 iguanas
  A sleepcap (D:7)
  4 orc wizards
  10 gnolls
  7 adders
  3 white imps
  2 ufetubi
  A worm (D:2)
  2 dart slugs
  11 orcs
  4 bats
  6 endoplasms
  5 giant cockroaches
  7 hobgoblins
  5 jackals
  3 kobolds
  4 quokkas
  4 ball pythons
  6 frilled lizards
  12 goblins
  4 rats
170 creatures vanquished.

Vanquished Creatures (collateral kills)
  A two-headed ogre (D:8)
  A hornet (D:9)
  A yak (D:8)
  5 orc warriors (Bailey)
  9 centaurs
  2 bullfrogs (D:9)
  A kobold brigand (D:8)
  6 killer bees (D:9)
  2 howler monkeys (D:8)
  An orc priest (D:9)
  2 jellies (D:8)
  3 orc wizards
  A mummy (D:8)
  8 orcs
  4 kobolds (D:8)
  2 goblins (D:8)
  A hobgoblin zombie (D:8)
  2 kobold zombies (D:8)
  An orc zombie (D:8)
53 creatures vanquished.

Vanquished Creatures (others)
  2 orc warriors (Bailey)
  A centaur (Bailey)
  An orc priest (D:8)
  An orc wizard (D:7)
  14 orcs
19 creatures vanquished.

Grand Total: 242 creatures vanquished

Notes
Turn   | Place    | Note
-------+----------+-------------------------------------------
     0 | D:1      | Kazon the Hill Orc Monk began the quest for the Orb.
     0 | D:1      | Reached XP level 1. HP: 19/19 MP: 1/1
    40 | D:1      | Reached XP level 2. HP: 9/27 MP: 2/2
    45 | D:1      | Found a faded altar of an unknown god.
   325 | D:1      | Reached XP level 3. HP: 29/33 MP: 3/3
  1125 | D:2      | Reached skill level 5 in Axes
  1197 | D:2      | Reached XP level 4. HP: 41/41 MP: 4/4
  1593 | D:3      | You fall into a shaft and drop 2 floors!
  1593 | D:5      | Entered Level 5 of the Dungeon
  1711 | D:5      | Reached XP level 5. HP: 22/47 MP: 5/5
  2021 | D:4      | Noticed a kobold brigand
  2022 | D:4      | Became a worshipper of Beogh the Brigand
  2022 | D:4      | Reached * piety under Beogh
  2022 | D:4      | Reached ** piety under Beogh
  2030 | D:4      | Killed a kobold brigand
  2031 | D:4      | Reached skill level 1 in Armour
  2031 | D:4      | Reached XP level 6. HP: 43/55 MP: 6/6
  2139 | D:3      | Found Ydegiw's Antique Armour Boutique.
  2168 | D:3      | Bought a glowing chain mail for 135 gold pieces
  2714 | D:4      | Reached skill level 1 in Maces & Flails
  2714 | D:4      | Reached skill level 1 in Throwing
  2732 | D:4      | Found a sparkling altar of Nemelex Xobeh.
  2771 | D:4      | Found a runed translucent door.
  2772 | D:4      | Noticed Crazy Yiuf
  3039 | D:5      | Noticed a black bear
  3046 | D:5      | Killed a black bear
  3047 | D:5      | Reached skill level 1 in Invocations
  3071 | D:5      | Reached skill level 5 in Fighting
  3071 | D:5      | Reached skill level 1 in Evocations
  3079 | D:5      | Reached skill level 2 in Maces & Flails
  3079 | D:5      | Reached XP level 7. HP: 40/61 MP: 6/8
  3578 | D:5      | Reached skill level 3 in Maces & Flails
  3627 | D:5      | Reached XP level 8. HP: 69/69 MP: 8/10
  3637 | D:5      | Noticed a two-headed ogre
  3645 | D:5      | Killed a two-headed ogre
  3646 | D:5      | Reached skill level 4 in Maces & Flails
  3782 | D:6      | Reached skill level 5 in Maces & Flails
  3945 | D:6      | Reached XP level 9. HP: 66/75 MP: 12/12
  4051 | D:6      | Reached skill level 6 in Maces & Flails
  4051 | D:6      | Reached skill level 1 in Stealth
  4058 | D:6      | Reached skill level 5 in Invocations
  4064 | D:6      | Noticed Edmund
  4073 | D:6      | Killed Edmund
  4169 | D:6      | Found a staircase to the Ecumenical Temple.
  4246 | D:6      | Found a hide-covered altar of Uskayaw.
  4246 | D:6      | Noticed a +0 hand axe
  4246 | D:6      | Noticed a +0 hand axe
  4332 | D:6      | Reached skill level 7 in Maces & Flails
  4780 | D:7      | Noticed Duvessa
  4792 | D:7      | Killed Duvessa
  4797 | D:7      | Reached skill level 5 in Throwing
  4817 | D:7      | Noticed Dowan
  4829 | D:7      | Killed Dowan
  4914 | D:7      | Reached skill level 1 in Shields
  4925 | D:7      | Reached skill level 5 in Evocations
  4934 | D:7      | Reached XP level 10. HP: 65/83 MP: 14/14
  4976 | D:7      | Reached *** piety under Beogh
  5034 | D:7      | Noticed Maggie
  5046 | D:7      | Killed Maggie
  5047 | D:7      | Reached skill level 8 in Maces & Flails
  5112 | D:7      | Noticed Pikel
  5124 | D:7      | Killed Pikel
  5295 | D:7      | Found a stormy altar of Qazlal.
  5512 | D:8      | Reached skill level 9 in Maces & Flails
  5530 | D:8      | Reached skill level 10 in Maces & Flails
  5575 | D:8      | Found a shadowy altar of Dithmenos.
  5593 | D:8      | Gained Borgk as an ally
  5604 | D:8      | Found a flagged portal.
  5763 | Bailey   | Entered a bailey
  6022 | Bailey   | Reached **** piety under Beogh
  6034 | Bailey   | Reached skill level 11 in Maces & Flails
  6038 | Bailey   | Reached XP level 11. HP: 27/92 MP: 16/16
  6677 | D:8      | Noticed a two-headed ogre
  6681 | D:8      | Killed a two-headed ogre
  7137 | D:9      | Noticed an orange crystal statue
  7193 | D:9      | Gained Argrim as an ally
  7309 | D:9      | Found an opulent altar of Gozag.
  7350 | D:9      | Gained Arkwar as an ally
  7404 | D:9      | Found a shimmering altar of Xom.
  7406 | D:9      | Found a basalt altar of Yredelemnul.
  7615 | D:9      | Reached skill level 5 in Shields
  7621 | D:9      | HP: 4/92 [killer bee (10)]
  7622 | D:9      | Slain by a killer bee

Illustrated notes

Levels and vault maps discovered:
D:1:      beargit_arrival_greenhouse, layout_loops_ring,
          nicolae_ecumenical_lake_church, grunt_decor_mini_mirrors
D:2:      layout_basic
D:3:      layout_basic, serial_shops, shop
D:4:      layout_rooms, nemelex_xobeh_ov_fountains_minmay,
          uniq_crazy_yiuf_cottage
D:5:      layout_basic, minmay_manual_mandibuliform
D:6:      layout_cave_pods, dancing_weapons_uskayaw,
          minmay_temple_entry_statues_pillars, grunt_ministairs_7, uniq_edmund
D:7:      minmay_spotlight, layout_basic, mainiacjoe_overflow_24_doors,
          minmay_misc_feat_more_columns, st_stairs_12, uniq_duvessa,
          uniq_maggie, uniq_pikel
D:8:      layout_layer_cave, grunt_dithmenos_smoke_and_mirrors, enter_bailey_5,
          minmay_mini_ossuary
D:9:      layout_rooms, lemuel_tele_altar, mainiacjoe_overflow_catch_the_wave,
          minivault_16, nicolae_looking_at_the_future

Skill      XL: |  1  2  3  4  5  6  7  8  9 10 11 |
---------------+----------------------------------+-----
Fighting       | 4 5 6 7 |  7.6
Axes           | 5 6 |  6.4
Dodging        | 3 4 |  4.4
Armour         | 1 2 3 4 |  4.0
Maces & Flails | 2 3 5 7 11 | 11.7
Throwing       | 1 2 3 5 6 |  6.2
Invocations    | 1 2 4 6 7 |  7.4
Evocations     | 1 2 3 5 6 |  6.7
Stealth        | 1 |  1.2
Shields        | 1 3 5 |  5.1

Action                     |  1- 3 |  4- 6 |  7- 9 | 10-12 || total
---------------------------+-------+-------+-------+-------++-------
  Melee: Hand axe          |    31 |       |       |       ||    31
         War axe           |    62 |    41 |       |       ||   103
         Flail             |       |    47 |   162 |   174 ||   383
  Throw: Stone             |     1 |     9 |    19 |    21 ||    50
         Dart              |       |     9 |    65 |    16 ||    90
 Invoke: Convert to Beogh  |       |     1 |       |       ||     1
         Smiting           |       |       |     3 |     1 ||     4
         Recall Orcish Fol |       |       |       |     1 ||     1
  Evoke: Wand              |       |       |       |    14 ||    14
    Use: Scroll            |       |       |     2 |     3 ||     5
         Potion            |       |       |       |     3 ||     3
   Stab: Distracted        |       |       |       |     1 ||     1
 Armour: Robe              |    15 |       |       |       ||    15
         Leather armour    |       |    22 |    24 |    51 ||    97
  Dodge: Dodged            |    44 |    48 |   134 |   240 ||   466
